 Dungeon Crawl Stone Soup version 0.21.1-1-g345015f (webtiles) character file.

2424 infcreate the Cleaver (level 9, -4/78 HPs)
             Began as a Minotaur Fighter on Apr 29, 2018.
             Was an Initiate of Trog.
             Killed from afar by Phong's ghost (7 damage)
             ... with a puff of flame
             ... on level 6 of the Dungeon.
             The game lasted 00:39:00 (6366 turns).

infcreate the Cleaver (Minotaur Fighter)            Turns: 6366, Time: 00:39:00

Health: -4/78      AC: 13    Str: 25      XL:     9   Next: 24%
Magic:  8/8        EV: 10    Int:  4 (5)  God:    Trog [......]
Gold:   462        SH: 17    Dex:  7 (9)  Spells: 8/8 levels left

rFire    . . .     SeeInvis .   a - +0 war axe
rCold    . . .     Gourm    +   m - +0 large shield
rNeg     . . .     Faith    .   c - +0 chain mail
rPois    .         Spirit   .   (helmet restricted)
rElec    .         Reflect  .   (no cloak)
rCorr    .         Harm     .   q - +2 pair of gloves
MR       .....                  (no boots)
Stlth    ..........             e - amulet of the gourmand
HPRegen  0.23/turn              g - +4 ring of evasion
MPRegen  0.11/turn              h - +1 ring of evasion

@: no status effects
A: retaliatory headbutt, horns 2
a: Burn Spellbooks, Renounce Religion


You were on level 6 of the Dungeon.
You worshipped Trog.
Trog was noncommittal.
You were not hungry.

You visited 2 branches of the dungeon, and saw 7 of its levels.
You also visited: Sewer.

You collected 462 gold pieces.

Inventory:

Hand Weapons
 a - a +0 war axe (weapon)
Armour
 b - a +0 scale mail
 c - a +0 chain mail (worn)
 m - a +0 large shield (worn)
 q - a +2 pair of gloves (worn)
Jewellery
 e - an amulet of the gourmand (around neck)
 g - a +4 ring of evasion (left hand)
 h - a +1 ring of evasion (right hand)
Scrolls
 i - a scroll of remove curse
 j - a scroll of fear
 l - 2 scrolls of identify
 p - a scroll of blinking
 u - 2 scrolls of teleportation
 w - a scroll of magic mapping {unknown}
Potions
 k - 4 potions of heal wounds
 r - 2 potions of curing
 s - 2 potions of haste
 t - a potion of berserk rage {unknown}
 v - 3 potions of flight
 x - a potion of agility {unknown}
Comestibles
 f - 11 rations


   Skills:
 + Level 6.6 Fighting
 + Level 9.8 Axes
 + Level 7.1 Armour
 + Level 8.8 Shields


You had 8 spell levels left.
You didn't know any spells.

Dungeon Overview and Level Annotations

Branches:
Dungeon (6/15)             Temple (1/1) D:6

Altars:
Ashenzari
Cheibriados
Dithmenos
Elyvilon
Fedhas
Gozag
Hepliaklqana
Kikubaaqudgha
Makhleb
Nemelex Xobeh
Qazlal
Ru
Sif Muna
Trog
Uskayaw
Vehumet
Wu Jian
Xom
Yredelemnul
Zin
The Shining One

Shops:
D:4 [

Annotations:
D:6 Phong's ghost, novice OpFE


Innate Abilities, Weirdness & Mutations

You reflexively headbutt those who attack you in melee.
You have a pair of horns on your head.


Message History

You slash the orc!
You kill the orc!
Trog accepts your kill.
You hit Phong's ghost but do no damage.
Phong's ghost hits you but does no damage.
You are electrocuted!
You are too injured to fight recklessly!
You are too injured to fight recklessly!
You are too injured to fight recklessly!
You closely miss Phong's ghost. You block Phong's ghost's attack.
You closely miss Phong's ghost. Your headbutt misses Phong's ghost.
Phong's ghost hits you but does no damage.
You are electrocuted!
* * * LOW HITPOINT WARNING * * *
Phong's ghost casts a spell at you.
The fireball explodes!
The fireball engulfs you!
* * * LOW HITPOINT WARNING * * *
Phong's ghost casts a spell at you. The puff of flame hits you!
You die...

......# #....# #)# #.#
####### #.# #...... #W#
#.##### #.# #.#
..########.##### #.#
.......<##.@...# #.#
.######.######.#######.#
#.# #.........# ##.##
########### ####...#####
#### ............# #...
#####...###.############.##
##.####.....รท..........
#................#####


You could see Phong's ghost.

Vanquished Creatures
  The ghost of raikaria the Grasshopper, an amateur GnWr of Ashenzari (D:5)
  Prince Ribbit (D:5)
  The ghost of bmj180 the Cutter, an amateur HaBe of Trog (D:3)
  Sigmund (D:2)
  Menkaure (D:5)
  Purgy (Sewer)
  An orc warrior (D:6)
  An ice beast (D:5)
  Blork the orc (D:6)
  A bullfrog (D:3)
  A scorpion (D:4)
  A howler monkey (D:4)
  2 crimson imps (D:6)
  A bullfrog zombie (D:5)
  A jelly (D:6)
  3 bullfrog skeletons
  A gnoll shaman (D:6)
  A centaur skeleton (D:2)
  3 hounds
  2 orc priests
  2 orc wizards
  3 iguanas
  Natasha (thrice) (D:2)
  Terence (D:3)
  A hound skeleton (D:4)
  Robin (D:2)
  7 gnolls
  15 adders
  A river rat (D:4)
  A shadow imp (D:5)
  4 oozes
  2 adder skeletons (D:4)
  5 worms
  3 dart slugs
  4 leopard geckos
  28 orcs
  5 giant cockroaches
  9 goblins
  11 hobgoblins
  3 jackals (D:5)
  3 kobolds
  3 quokkas
  2 ball pythons
  13 bats
  5 frilled lizards
  A quokka skeleton (D:5)
  6 rats
  A plant (D:6)
169 creatures vanquished.

Vanquished Creatures (others)
  4 toadstools (D:1)
4 creatures vanquished.

Grand Total: 173 creatures vanquished

Notes
Turn   | Place    | Note
-------+----------+-------------------------------------------
     0 | D:1      | infcreate the Minotaur Fighter began the quest for the Orb.
     0 | D:1      | Reached XP level 1. HP: 19/19 MP: 0/0
   325 | D:1      | Reached XP level 2. HP: 26/27 MP: 1/1
   696 | D:1      | Reached XP level 3. HP: 33/33 MP: 2/2
   852 | D:2      | Noticed Robin
   877 | D:2      | Killed Robin
   877 | D:2      | Reached skill level 3 in Axes
   887 | D:2      | Reached XP level 4. HP: 40/40 MP: 3/3
  1136 | D:2      | Noticed Natasha
  1146 | D:2      | Killed Natasha
  1146 | D:2      | Reached skill level 4 in Axes
  1146 | D:2      | Reached XP level 5. HP: 23/47 MP: 4/4
  1230 | D:2      | Noticed Natasha
  1235 | D:2      | Killed Natasha
  1482 | D:2      | Noticed Natasha
  1488 | D:2      | Killed Natasha
  1488 | D:2      | Reached skill level 5 in Shields
  1492 | D:2      | Noticed Sigmund
  1505 | D:2      | Killed Sigmund
  1505 | D:2      | Reached skill level 5 in Axes
  1505 | D:2      | Reached skill level 5 in Armour
  1505 | D:2      | Reached XP level 6. HP: 39/55 MP: 5/5
  1934 | D:3      | Noticed Terence
  1951 | D:3      | Killed Terence
  1966 | D:3      | Reached skill level 5 in Fighting
  1966 | D:3      | Reached XP level 7. HP: 47/61 MP: 6/6
  2046 | D:3      | Noticed bmj180's ghost (amateur HaBe)
  2072 | D:3      | Reached skill level 6 in Axes
  2324 | D:3      | Killed bmj180's ghost
  2930 | D:4      | Found Fiopn's Armour Boutique.
  3080 | D:4      | Reached skill level 7 in Axes
  3141 | D:4      | Reached XP level 8. HP: 69/69 MP: 7/7
  3147 | D:4      | Found a glowing drain.
  3151 | Sewer    | Entered a sewer
  3176 | Sewer    | Noticed Purgy
  3193 | Sewer    | Killed Purgy
  3729 | D:5      | Entered Level 5 of the Dungeon
  3749 | D:5      | Noticed raikaria's ghost (amateur GnWr)
  3797 | D:5      | Noticed Menkaure
  3849 | D:5      | Reached skill level 8 in Axes
  4053 | D:5      | Killed Menkaure
  4550 | D:5      | Killed raikaria's ghost
  4550 | D:5      | Reached skill level 9 in Axes
  4614 | D:5      | Noticed Prince Ribbit
  4628 | D:5      | Killed Prince Ribbit
  4628 | D:5      | Reached XP level 9. HP: 52/78 MP: 8/8
  5994 | D:6      | Noticed Blork the orc
  6002 | D:6      | Killed Blork the orc
  6032 | D:6      | Found a staircase to the Ecumenical Temple.
  6038 | Temple   | Entered the Ecumenical Temple
  6166 | Temple   | Became a worshipper of Trog the Wrathful
  6334 | D:6      | Noticed Phong's ghost (novice OpFE)
  6363 | D:6      | HP: 2/78 [Phong's ghost/fireball (21)]
  6366 | D:6      | Killed from afar by Phong's ghost

Skill      XL: |  1  2  3  4  5  6  7  8  9 |
---------------+----------------------------+-----
Shields        | 4 5 6 8 |  8.8
Armour         | 4 5 6 7 |  7.1
Fighting       | 4 5 6 |  6.6
Axes           | 3 4 5 7 9 |  9.8

Action                   |  1- 3 |  4- 6 |  7- 9 || total
-------------------------+-------+-------+-------++-------
Melee: War axe           |    82 |    90 |   381 ||   553
       Headbutt          |    11 |    15 |    57 ||    83
  Use: Scroll            |       |       |     7 ||     7
       Potion            |       |       |     6 ||     6
  Eat: Chunk             |       |     3 |    10 ||    13
       Ration            |       |       |     2 ||     2
Armor: Scale mail        |    26 |    29 |    18 ||    73
       Chain mail        |       |       |    97 ||    97
Dodge: Dodged            |    30 |    14 |    83 ||   127
Block: Shield            |    29 |    13 |       ||    42
       Large shield      |       |    47 |   303 ||   350
